 Dungeon Crawl Stone Soup version 0.29.1-1-gd02db6906a (console) character file.

Game seed: 2132695599807073135

42244 om the Impaler (level 14, -9/104 HPs)
             Began as a Merfolk Berserker on Oct 10, 2022.
             Was an Elder of Trog.
             Mangled by a komodo dragon (22 damage)
             ... on level 2 of the Lair of Beasts on Oct 11, 2022.
             The game lasted 00:50:37 (22792 turns).

om the Impaler (Merfolk Berserker)                 Turns: 22792, Time: 00:50:37

Health: -9/104     AC: 14    Str: 23    XL:     14   Next: 19%
Magic:  14/14      EV: 18    Int:  6    God:    Trog [****..]
Gold:   768        SH:  5    Dex: 13    Spells: 13/13 levels left

rFire   + + .      SeeInvis .   J - +5 halberd
rCold   . . .      Faith    .   (shield currently unavailable)
rNeg    . . .      Spirit   .   D - +0 steam dragon scales
rPois   .          Reflect  +   m - +2 hat
rElec   .          Harm     .   N - +0 cloak
rCorr   .          Rampage  .   h - +2 pair of gloves
Will    +++..                   (no boots)
Stlth   +++.......              K - amulet of reflection
HPRegen 1.27/turn               e - ring of protection from fire
MPRegen 0.14/turn               b - ring of protection from fire

@: strong-willed, on berserk cooldown, regenerating, slowed, very slow
A: (nimble swimmer 2), mertail
a: Renounce Religion, Berserk, Trog's Hand, Brothers in Arms


You were on level 2 of the Lair of Beasts.
You worshipped Trog.
Trog was greatly pleased with you.
You visited 2 branches of the dungeon, and saw 17 of its levels.
You also visited: Ossuary.

You collected 1044 gold pieces.
You spent 276 gold pieces at shops.

Inventory:

Hand Weapons
 a - a +1 spear of protection
 E - a +3 spear of freezing
 I - a +1 trident of flaming
 J - a +5 halberd (weapon)
Missiles
 O - 2 throwing nets (quivered)
Armour
 h - a +2 pair of gloves (worn)
 m - a +2 hat (worn)
 D - +0 steam dragon scales (worn)
 N - a +0 cloak (worn)
Jewellery
 b - a ring of protection from fire (right hand)
 c - a ring of ice
 e - a ring of protection from fire (left hand)
 u - a ring of flight
 z - an amulet of faith
 G - a ring of ice
 K - an amulet of reflection (around neck)
Wands
 d - a wand of flame (28)
 A - a wand of paralysis (7)
 C - a wand of light (12)
 F - a wand of roots (16)
 H - a wand of digging (11)
Scrolls
 f - 4 scrolls of summoning
 l - 9 scrolls of teleportation
 s - 3 scrolls of blinking
 t - 2 scrolls of enchant weapon
 v - 6 scrolls of immolation
 w - 3 scrolls of brand weapon
 y - 2 scrolls of poison
 B - 2 scrolls of enchant armour
Potions
 g - 2 potions of resistance
 j - 3 potions of heal wounds
 k - 2 potions of invisibility
 n - 8 potions of lignification
 o - 2 potions of might
 p - 10 potions of curing
 q - 2 potions of flight
 r - 4 potions of haste
 x - a potion of brilliance
 L - 2 potions of cancellation
 M - a potion of ambrosia


   Skills:
 + Level 7.8 Fighting
 + Level 18.8 Polearms
 + Level 10.5 Armour
 - Level 14.0 Dodging
 - Level 5.0 Stealth
 - Level 6.0 Evocations


You had 13 spell levels left.
You didn't know any spells.
Your spell library was empty.

Dungeon Overview and Level Annotations

Branches:
Dungeon (15/15)            Temple (0/1) D:6            Lair (2/5) D:8
    Orc (0/2) D:12         Vaults (0/5) D:14         Depths (0/4) D:15
Ossuary (visited)
  Swamp: Lair:2-3    Shoals: Lair:2-3     Snake: Lair:2-3    Spider: Lair:2-3

Altars:
Ashenzari
Fedhas
Gozag
Nemelex Xobeh
Okawaru
Ru
Sif Muna
Vehumet
Xom
Zin
The Shining One

Shops:
D:4 (   D:6 :   D:14 *!

Portals:
Trove: D:10 (give 14 potions of curing)


Innate Abilities, Weirdness & Mutations

((You are very nimble when in or above water. (Stealth+, EV+, Speed+++)))
Your lower body shifts to a powerful aquatic tail in water.


Message History

The cane toad is severely wounded.
The cane toad misses you.
You closely miss the cane toad.
The cane toad is severely wounded.
Reach: J) +5 halberd
Press: ? - help, Dir - move target, f/p - cane toad
Aim: a cane toad (severely wounded, wandering, blind, hasn't noticed you, about 27% to evade your +5 halberd)
You reach to attack!
You slash the cane toad!
You kill the cane toad!
Trog accepts your kill.
Aiming: Bolt of Light
Press: ? - help, Shift-Dir - straight line, f - komodo dragon
Aim: a komodo dragon (81% to hit)
The bolt of light misses the komodo dragon.
The komodo dragon bites you but does no damage.
Unknown command.
Aiming: Bolt of Light
Press: ? - help, Shift-Dir - straight line, f/p - komodo dragon
Aim: a komodo dragon (81% to hit)
The bolt of light hits the komodo dragon!!
The komodo dragon is severely wounded.
The komodo dragon is blinded.
You catch the helpless komodo dragon completely off-guard!
You hit the komodo dragon.
The komodo dragon is severely wounded.
The komodo dragon bites you!!
* * * LOW HITPOINT WARNING * * *
Reach: J) +5 halberd
Press: ? - help, Dir - move target, f/p - komodo dragon
Aim: a komodo dragon (severely wounded, blind, about 25% to evade your +5 halberd)
You hit the komodo dragon.
The komodo dragon is severely wounded.
The komodo dragon bites you but does no damage.
Reach: J) +5 halberd
Press: ? - help, Dir - move target, f/p - komodo dragon
Aim: a komodo dragon (severely wounded, blind, about 25% to evade your +5 halberd)
You hit the komodo dragon but do no damage.
The komodo dragon is severely wounded.
The komodo dragon bites you!!
You die...

#.........#
##†.......# #
#.†........
##†.......# #
#.........####.## #
##...........#..P###
#.P.................
#P..................
#..@................
#.l.................
#...................
##..................
#......†.#..#.#....
#......†####.###...
##.......# ####P...
#........# ##...
##.......# #....


You could see a komodo dragon (blind).

Vanquished Creatures
  An ettin (D:15)
  4 boulder beetles
  6 centaur warriors
  5 hydras
  7 two-headed ogres
  5 death yaks (Lair:2)
  Urug (D:11)
  4 tengu warriors
  2 deep trolls (D:15)
  A wizard (D:15)
  A deep elf zephyrmancer (D:14)
  4 cyclopes
  2 manticores
  4 cane toads
  2 gargoyles
  Maggie (D:7)
  A rime drake (Lair:1)
  4 komodo dragons
  2 tengu conjurers
  3 meliai (D:14)
  2 ice devils (Lair:1)
  5 trolls
  2 tyrant leeches (Lair:2)
  6 blink frogs (Lair:1)
  A wyvern (D:10)
  A wraith (D:10)
  4 shadows
  16 yaks
  A vampire (D:14)
  The ghost of osoart the Ducker, an amateur MfHu (D:3)
  10 vampire mosquitoes
  5 steam dragons
  Menkaure (D:6)
  5 water moccasins
  A swamp worm (Lair:2)
  2 acid dragons
  4 orc warriors
  A swamp drake (D:12)
  A sky beast (D:8)
  3 black bears
  An ogre (D:6)
  11 wolves
  6 centaurs
  A phantom (D:5)
  2 kobold brigands
  2 bullfrogs
  A necrophage (D:4)
  A gnoll sergeant (D:12)
  A scorpion (D:5)
  15 wights
  15 killer bees
  3 howler monkeys
  A jelly (D:6)
  2 centaur zombies (Ossuary)
  5 hounds
  3 orc priests
  3 iguanas
  7 orc wizards
  4 mummies (Ossuary)
  6 gnolls
  8 adders
  A shadow imp (D:6)
  2 white imps
  A worm (D:3)
  4 dart slugs
  33 orcs
  4 bats (D:1)
  5 endoplasms
  A giant cockroach (D:1)
  A gnoll zombie (Ossuary)
  7 hobgoblins
  3 quokkas
  4 ball pythons (D:1)
  2 frilled lizards (D:1)
  13 goblins
  A goblin zombie (Ossuary)
  A hobgoblin zombie (Ossuary)
  15 kobolds
  2 kobold zombies (Ossuary)
  An orc zombie (Ossuary)
  5 rats
336 creatures vanquished.

Vanquished Creatures (collateral kills)
  A giant cockroach (D:2)
1 creature vanquished.

Vanquished Creatures (others)
  52 fungi
  8 plants
  18 toadstools (Lair:2)
78 creatures vanquished.

Grand Total: 415 creatures vanquished

Notes
Turn   | Place    | Note
-------+----------+-------------------------------------------
     0 | D:1      | om the Merfolk Berserker began the quest for the Orb.
     0 | D:1      | Reached XP level 1. HP: 18/18 MP: 1/1
   196 | D:1      | Reached XP level 2. HP: 20/24 MP: 2/2
   339 | D:1      | Found a faded altar of an unknown god.
   425 | D:1      | Reached ** piety under Trog
   426 | D:1      | Reached XP level 3. HP: 25/29 MP: 3/3
  1055 | D:2      | Reached skill level 5 in Polearms
  1737 | D:2      | Reached XP level 4. HP: 37/37 MP: 4/4
  2056 | D:3      | Found a sacrificial altar of Ru.
  2064 | D:3      | Found a radiant altar of Vehumet.
  2497 | D:3      | Found an opulent altar of Gozag.
  2977 | D:3      | Reached XP level 5. HP: 42/42 MP: 5/5
  3048 | D:3      | Found a runed translucent door.
  3051 | D:3      | Noticed osoart's ghost (amateur MfHu)
  3163 | D:3      | Reached skill level 6 in Polearms
  3170 | D:3      | Killed osoart's ghost
  3171 | D:3      | Reached XP level 6. HP: 48/48 MP: 6/6
  3296 | D:4      | Reached skill level 7 in Polearms
  3408 | D:4      | Reached *** piety under Trog
  3758 | D:4      | Found a sand-covered staircase.
  3763 | Ossuary  | Entered an ossuary
  3875 | Ossuary  | Reached skill level 5 in Dodging
  3944 | Ossuary  | Reached XP level 7. HP: 49/54 MP: 7/7
  4397 | D:4      | Found Urchy's Antique Weapon Shoppe.
  4869 | D:5      | Entered Level 5 of the Dungeon
  5064 | D:5      | Reached skill level 5 in Armour
  5064 | D:5      | Reached XP level 8. HP: 37/60 MP: 8/8
  5605 | D:5      | Reached skill level 8 in Polearms
  5944 | D:6      | Noticed Menkaure
  5954 | D:6      | Killed Menkaure
  5955 | D:6      | Reached skill level 9 in Polearms
  6093 | D:6      | Found a broken altar of Ashenzari.
  6256 | D:6      | Found a glowing golden altar of the Shining One.
  6273 | D:6      | Reached skill level 10 in Polearms
  6273 | D:6      | Reached XP level 9. HP: 65/65 MP: 9/9
  6289 | D:6      | Found an iron altar of Okawaru.
  6314 | D:6      | Found a glowing silver altar of Zin.
  6359 | D:6      | Found Cauptu's Tremendous Tomes.
  6688 | D:6      | Found a staircase to the Ecumenical Temple.
  7042 | D:6      | Reached skill level 11 in Polearms
  7080 | D:7      | Noticed Maggie
  7125 | D:7      | Killed Maggie
  7229 | D:7      | Reached skill level 12 in Polearms
  7377 | D:7      | Reached skill level 1 in Stealth
  8011 | D:8      | Reached skill level 1 in Evocations
  8013 | D:8      | Reached **** piety under Trog
  8080 | D:8      | Found a staircase to the Lair.
  8164 | D:8      | Found a blossoming altar of Fedhas.
  8199 | D:8      | Found a shimmering blue altar of Sif Muna.
  8257 | D:8      | Reached skill level 13 in Polearms
  8444 | D:8      | Reached XP level 10. HP: 59/71 MP: 10/10
  8648 | D:8      | Reached skill level 5 in Stealth
  8831 | D:9      | Noticed a two-headed ogre
  8847 | D:9      | Killed a two-headed ogre
  9078 | D:9      | Reached skill level 14 in Polearms
 10005 | D:9      | Found a sparkling altar of Nemelex Xobeh.
 10027 | D:9      | Found a shimmering altar of Xom.
 10223 | D:10     | Entered Level 10 of the Dungeon
 10282 | D:10     | Reached skill level 15 in Polearms
 10440 | D:10     | Reached skill level 5 in Fighting
 10647 | D:10     | Reached XP level 11. HP: 76/81 MP: 11/11
 10909 | D:10     | Reached skill level 16 in Polearms
 11063 | D:10     | Noticed a two-headed ogre
 11068 | D:10     | Killed a two-headed ogre
 11233 | D:10     | Found a portal to a secret trove of treasure.
 11295 | D:11     | Noticed a two-headed ogre
 11300 | D:11     | Killed a two-headed ogre
 11346 | D:11     | Reached skill level 17 in Polearms
 11374 | D:11     | Noticed a boulder beetle
 12249 | D:11     | Noticed Urug
 12272 | D:11     | Killed Urug
 12273 | D:11     | Reached skill level 18 in Polearms
 13216 | D:12     | Noticed a manticore
 13219 | D:12     | Killed a manticore
 13827 | D:12     | Noticed a two-headed ogre
 13850 | D:12     | Killed a two-headed ogre
 13991 | D:12     | Noticed a two-headed ogre
 13997 | D:12     | Killed a two-headed ogre
 13998 | D:12     | Reached XP level 12. HP: 88/88 MP: 12/12
 14041 | D:12     | Reached ***** piety under Trog
 14063 | D:12     | Reached skill level 10 in Dodging
 14064 | D:12     | Identified the +4 animal skin of the Blizzard {rPois}
 14160 | D:12     | Noticed an eight-headed hydra
 14161 | D:12     | Found a staircase to the Orcish Mines.
 14161 | D:12     | Noticed a boulder beetle
 14193 | D:12     | Killed an eight-headed hydra
 14209 | D:12     | Killed a boulder beetle
 14978 | D:13     | Noticed a five-headed hydra
 14984 | D:13     | Killed a five-headed hydra
 15071 | D:13     | Noticed a centaur warrior
 15071 | D:13     | Noticed a two-headed ogre
 15096 | D:13     | Noticed a centaur warrior
 15103 | D:13     | HP: 3/88 [centaur warrior/arrow (15)]
 15658 | D:13     | Noticed a tengu warrior
 15659 | D:13     | Noticed a tengu warrior
 15668 | D:13     | Killed a tengu warrior
 15682 | D:13     | Killed a tengu warrior
 16454 | D:13     | Killed a centaur warrior
 16493 | D:13     | Killed a two-headed ogre
 16500 | D:13     | Killed a centaur warrior
 16684 | D:13     | Noticed a boulder beetle
 16696 | D:13     | Noticed a centaur warrior
 16706 | D:13     | Killed a centaur warrior
 16708 | D:13     | Killed a boulder beetle
 17148 | D:14     | Found Retsopnuemm's Distillery.
 17152 | D:14     | Bought a potion of heal wounds for 60 gold pieces
 17152 | D:14     | Bought a potion of haste for 120 gold pieces
 17152 | D:14     | Bought a potion of cancellation for 96 gold pieces
 17354 | D:14     | Found Zeqeirch's Assorted Antiques.
 17358 | D:14     | Noticed a seven-headed hydra
 17367 | D:14     | Killed a seven-headed hydra
 17446 | D:14     | Noticed a centaur warrior
 17452 | D:14     | Killed a centaur warrior
 17453 | D:14     | Reached skill level 10 in Armour
 17453 | D:14     | Reached XP level 13. HP: 58/93 MP: 13/13
 18081 | D:14     | Found a radiant altar of Vehumet.
 18142 | D:14     | Reached skill level 5 in Evocations
 18452 | D:14     | Found a gate to the Vaults.
 18677 | D:15     | Entered Level 15 of the Dungeon
 19037 | D:15     | Noticed an ettin
 19052 | D:15     | Killed an ettin
 19496 | D:15     | Found a staircase to the Depths.
 20245 | Lair:1   | Entered Level 1 of the Lair of Beasts
 21160 | Lair:1   | Identified the +10 dagger "Hellblazer" {vorpal, +Blink
                  | rPois Int-3}
 21739 | Lair:2   | Reached XP level 14. HP: 91/103 MP: 14/14
 22792 | Lair:2   | Mangled by a komodo dragon

Illustrated notes

Levels and vault maps discovered:
D:1:      mrwooster_arrival_arrow, layout_rooms,
          ebering_ecumenical_altar_sacrificial
D:2:      layout_basic
D:3:      layout_loops_corners, old_standard_altar,
          mainiacjoe_overflow_catwalk_spiral, ebering_ghost_sewer_d,
          minmay_door_square, grunt_ministairs_10, small_statue_intersection
D:4:      layout_gridville, serial_shops, shop, enter_ossuary_5,
          chequers_serial_rivers_micro_c
D:5:      layout_loops_ring, minmay_a_box_with_orc_wizards_in_it
D:6:      layout_basic, chequers_temple_overflow_statue_of_worship,
          lemuel_round_altar, temple_statues, nicolae_shop_i_like_big_books,
          uniq_menkaure
D:7:      layout_gridville, uniq_maggie
D:8:      layout_cave_pools, amcnicky_altar_gilded, lemuel_tele_altar,
          dpeg_oklobed_lair
D:9:      layout_rooms, mainiacjoe_overflow_catch_the_wave, serial_rivers,
          chequers_serial_rivers_small_a, chequers_serial_rivers_large_a,
          chequers_serial_rivers_small_a, chequers_serial_rivers_small_b,
          chequers_serial_rivers_room_b
D:10:     layout_long_grid, trove_entry_hex_spiral
D:11:     layout_stronghold, uniq_urug
D:12:     layout_basic, erik_orc_1
D:13:     layout_cross
D:14:     layout_grid_maze, david_vaults_1, hangedman_abyss_or_decor_passed,
          serial_shops, nicolae_shop_behind_doors, nicolae_diamond_shop,
          vehumet_altar_wand_db
D:15:     hangedman_depths_entry_civil_slaughter, layout_loops_corners,
          good_gods_temple_1
Lair:1:   layout_regular_city, portal_ice_cave_demonic_guard,
          grunt_forest_stairs_basic, beast_lair_carwin_6
Lair:2:   layout_big_grid, minmay_swamp_entry_worms,
          minmay_snake_entry_guardpost_medium, ebering_ghost_funeral_grove,
          tgw_fedhas

Skill      XL: |  1  2  3  4  5  6  7  8  9 10 11 12 13 |
---------------+----------------------------------------+-----
Dodging        | 3 5 8 9 10 14 | 14.0
Polearms       | 5 6 7 10 13 15 18 | 18.8
Armour         | 2 3 5 6 10 | 10.5
Fighting       | 4 6 7 |  7.8
Stealth        | 4 5 |  5.0
Evocations     | 2 4 6 |  6.0

Action                   |  1- 3 |  4- 6 |  7- 9 | 10-12 | 13-15 || total
-------------------------+-------+-------+-------+-------+-------++-------
Melee: Spear             |   101 |   177 |   557 |   234 |       ||  1069
       Punch             |       |     1 |     4 |     3 |       ||     8
       Halberd           |       |       |       |   341 |   395 ||   736
       Tailslap          |       |       |       |     4 |       ||     4
       Trident           |       |       |       |    35 |    17 ||    52
Invok: Berserk           |       |     2 |     9 |    13 |    11 ||    35
       Trog's Hand       |       |       |     2 |     1 |     1 ||     4
Evoke: Wand              |       |       |     4 |     1 |     6 ||    11
  Use: Scroll            |     5 |     3 |     7 |     7 |     3 ||    25
       Potion            |       |       |     3 |       |     1 ||     4
 Stab: Sleeping          |     2 |       |     1 |     9 |     8 ||    20
       Invisible         |       |       |     8 |       |     5 ||    13
       Distracted        |       |       |       |     2 |     1 ||     3
Armor: Animal skin       |     5 |       |       |       |       ||     5
       Scale mail        |     7 |    51 |   129 |       |       ||   187
       Steam dragon scal |       |       |    28 |   140 |    95 ||   263
Dodge: Dodged            |    24 |    49 |   216 |   321 |   252 ||   862
Block: Other             |       |       |       |    39 |    98 ||   137
       Reflection        |       |       |       |     9 |     4 ||    13
